Map: White Rabbit LE

Players

Ress

  • Race: Terran Terran
  • Spawn Location: 7:00

HoldTheDoor - Winner!

  • Race: Protoss Protoss
  • League: Diamond
  • Spawn Location: 1:00

VOD

Have the link to the VOD?

Description

Time

  • Played on: May 1, 2026, 12:01 p.m.
  • Length: 6:27
Show
View Real Time Build Order
Export as new Build Order

Ress Terran 

Build Orders:  

Get SALT Encoding   

  12  0:00  SCV  
  13  0:12  SCV  
  14  0:16  Supply Depot  
  14  0:24  SCV  
  15  0:38  SCV  
  15  0:40  Barracks  
  16  0:45  Refinery  
  16  0:50  Refinery  
  16  0:53  SCV  
  17  1:22  Supply Depot  
  17  1:24  Barracks  
  17  1:30  Marine  
  18  1:41  Bunker  
  18  1:54  Marine  
  19  2:15  Marine  
  19  2:16  Marine  
  19  2:21  Factory  
  20  2:48  Orbital Command  
  20  2:49  Barracks Tech Lab  
  20  3:00  Marine  
  21  3:07  Factory Tech Lab  
  21  3:20  Stimpack  
  21  3:26  Marine  
  22  3:29  SCV  
  23  3:39  Supply Depot  
  23  4:01  Marine, SCV  
  23  4:02  Marine  
  25  4:03  Siege Tank  
  29  4:13  SCV  
  29  4:14  Starport  
  30  4:25  Supply Depot, Marine  
  31  4:36  Supply Depot  
  31  4:47  SCV, Cyclone  
  31  4:48  Barracks Reactor  
  36  4:52  Reaper  
  36  5:00  SCV  
  37  5:10  Medivac  
  37  5:13  SCV  
  40  5:19  Engineering Bay  
  40  5:24  Marine  
  36  5:42  Marine  
  35  5:48  Cyclone  
  36  5:56  Viking  
  38  5:58  SCV  
  38  5:59  Missile Turret  
Show
View Real Time Build Order
Export as new Build Order

HoldTheDoor Protoss - Winner!

Build Orders: Cannon Rush 

Get SALT Encoding   

  12  0:00  Probe  
  13  0:12  Probe  
  14  0:18  Pylon  
  14  0:24  Probe  
  15  0:36  Probe  
  15  0:41  Forge  
  16  0:49  Probe  
  17  0:58  Pylon  
  17  1:08  Pylon  
  17  1:13  Probe  
  17  1:17  Photon Cannon  
  18  1:20  Pylon  
  18  1:27  Pylon  
  18  1:31  Photon Cannon  
  18  1:35  Probe  
  19  1:40  Pylon  
  19  1:48  Photon Cannon  
  19  1:58  Photon Cannon  
  19  2:18  Photon Cannon  
  19  2:24  Gateway  
  19  2:25  Probe  
  19  2:26  Assimilator  
  19  2:29  Assimilator  
  20  2:37  Probe  
  21  2:46  Pylon  
  21  2:48  Photon Cannon  
  21  2:49  Probe, Pylon  
  22  3:01  Probe  
  23  3:06  Photon Cannon  
  23  3:07  Zealot  
  26  3:27  Probe  
  26  3:29  Cybernetics Core  
  26  3:35  Photon Cannon  
  26  3:42  Pylon  
  26  3:52  Probe  
  27  4:06  Stargate  
  27  4:11  Shield Battery  
  27  4:13  Shield Battery  
  27  4:17  Shield Battery  
  27  4:23  Photon Cannon  
  27  4:29  Photon Cannon  
  27  4:36  Pylon  
  27  4:37  Warp Gate  
  27  4:44  Adept  
  29  4:49  Void Ray  
  33  5:03  Shield Battery  
  33  5:12  Shield Battery  
  33  5:21  Void Ray  
  37  5:45  Photon Cannon  
  37  5:50  Photon Cannon  
  37  5:51  Pylon  
  37  6:09  Fleet Beacon  
Tags
 
League
Diamond
Matchup
PvT
Replay Pack
SC2Mai2026
Spawn Locations
Cross Positions
Add a new tag
Caveats
  • Supply blocks, unpowered buildings, or Contaminate may cause inaccurate times.
  • Supply counts are checked every 10 seconds.